 Dungeon Crawl Stone Soup version 0.27-a0-808-g60bc5d92e6 (webtiles) character file.

Game seed: 5470681892207707076

69 polve the Slasher (level 4, -8/35 HPs)
             Began as a Demonspawn Abyssal Knight on Mar 28, 2021.
             Was a Believer of Lugonu.
             Killed by nerve-wracking pain
             ... invoked by Grinder
              (10 damage)
             ... on level 4 of the Dungeon.
             The game lasted 00:01:20 (1886 turns).

polve the Slasher (Demonspawn Abyssal Knight)       Turns: 1886, Time: 00:01:20

Health: -8/35      AC:  3    Str: 11 (12) XL:     4   Next: 2%
Magic:  5/5        EV: 11    Int: 14      God:    Lugonu [**....]
Gold:   28         SH:  0    Dex: 13      Spells: 3/3 levels left

rFire    . . .     SeeInvis .   a - +1 falchion
rCold    . . .     Faith    .   (no shield)
rNeg     . . .     Spirit   .   b - +0 leather armour
rPois    .         Reflect  .   (no helmet)
rElec    .         Harm     .   (no cloak)
rCorr    .         Rampage  .   (no gloves)
Will     .....                  (no boots)
Stlth    +.........             (no amulet)
HPRegen  0.11/turn              (no ring)
MPRegen  0.09/turn              (no ring)

@: no status effects
A: talons 2, deterioration 1, screaming 1, evolution 1
a: Renounce Religion, Depart the Abyss, Bend Space


You were on level 4 of the Dungeon.
You worshipped Lugonu.
Lugonu was pleased with you.
You visited 1 branch of the dungeon, and saw 3 of its levels.
You visited the Abyss 1 time.

You collected 28 gold pieces.

Inventory:

Hand Weapons
 a - a +1 falchion (weapon)
Armour
 b - a +0 leather armour (worn)
Jewellery
 c - a ring of resist corrosion
Wands
 d - a wand of paralysis (9)
Scrolls
 e - a scroll of enchant weapon {unknown}
 f - a scroll of teleportation {unknown}
 j - a scroll of amnesia {unknown}


   Skills:
 - Level 3.0 Fighting
 + Level 4.0 Long Blades
 - Level 1.7 Armour
 - Level 0.8 Dodging
 - Level 2.4 Invocations


You had 3 spell levels left.
You didn't know any spells.
Your spell library was empty.

Dungeon Overview and Level Annotations

Branches:
Dungeon (2/15)

Altars:

Annotations:
D:4 Grinder


Innate Abilities, Weirdness & Mutations

You have razor-sharp toenails.
Your body sometimes deteriorates upon taking damage.
You occasionally shout uncontrollably at your foes.
You evolve.


Message History

You are too injured to fight recklessly!
You are too injured to fight recklessly!
You are too injured to fight recklessly!
You are too injured to fight recklessly!
You are too injured to fight recklessly!
You are too injured to fight recklessly!
You are too injured to fight recklessly!
You are too injured to fight recklessly!
You are too injured to fight recklessly!
You are too injured to fight recklessly!
You are too injured to fight recklessly!
You are too injured to fight recklessly!
You are too injured to fight recklessly!
You are too injured to fight recklessly!
You are too injured to fight recklessly!
You are too injured to fight recklessly!
You are too injured to fight recklessly!
You are too injured to fight recklessly!
You are too injured to fight recklessly!
You are too injured to fight recklessly!
You hit Grinder. You claw Grinder.
Grinder is heavily wounded.
Grinder hits you.
You hit Grinder.
Grinder is severely wounded.
Grinder hits you but does no damage.
You hit Grinder.
Grinder is severely wounded.
Grinder hits you!
* * * LOW HITPOINT WARNING * * *
You writhe in agony.
* * * LOW HITPOINT WARNING * * *
You closely miss Grinder. You claw Grinder.
Grinder is severely wounded.
Grinder hits you but does no damage.
You hit Grinder.
Grinder is almost dead.
Grinder gestures at you. Pain shoots through your body!
You die...

.# .### ... ... #
##.# #. ##..# .#
#####.##..5# .#
.........@.# .#
..........!# ≈####
.####.###..##.##.##
# ##.##b###.##
#.#######.#
#......#.##
#.#.##..##
#.##.#.## #.###.##


You could see Grinder.

Vanquished Creatures
  An orc wizard (D:4)
  2 dart slugs (D:1)
  2 orcs (D:4)
  4 bats (D:1)
  2 endoplasms
  4 giant cockroaches
  3 goblins (D:1)
  3 hobgoblins (D:1)
  3 jackals (D:1)
  4 kobolds (D:1)
  3 ball pythons
  3 rats (D:1)
34 creatures vanquished.

Vanquished Creatures (others)
  4 fungi (D:4)
4 creatures vanquished.

Grand Total: 38 creatures vanquished

Notes
Turn   | Place    | Note
-------+----------+-------------------------------------------
     0 | Abyss:1  | polve the Demonspawn Abyssal Knight began the quest for the
                  | Orb.
     0 | Abyss:1  | Reached XP level 1. HP: 18/18 MP: 2/2
    25 | Abyss:3  | Noticed a hellephant
    25 | Abyss:3  | Noticed a dire elephant
    25 | Abyss:3  | Noticed a dire elephant
    26 | D:1      | Escaped the Abyss
   129 | D:1      | Reached * piety under Lugonu
   130 | D:1      | Reached skill level 2 in Long Blades
   504 | D:1      | Gained mutation: You have sharp toenails. [demonic
                  | ancestry]
   504 | D:1      | Reached XP level 2. HP: 20/24 MP: 3/3
   666 | D:1      | Reached skill level 3 in Long Blades
   907 | D:1      | Reached XP level 3. HP: 29/29 MP: 4/4
  1469 | D:2      | Reached ** piety under Lugonu
  1504 | D:2      | You fall into a shaft and drop 2 floors!
  1551 | D:4      | Gained mutation: Your body sometimes deteriorates upon
                  | taking damage. [potion of mutation]
  1551 | D:4      | Gained mutation: You occasionally shout uncontrollably at
                  | your foes. [potion of mutation]
  1551 | D:4      | Gained mutation: You evolve. [potion of mutation]
  1573 | D:4      | Reached skill level 4 in Long Blades
  1573 | D:4      | Gained mutation: You have razor-sharp toenails. [demonic
                  | ancestry]
  1573 | D:4      | Reached XP level 4. HP: 5/35 MP: 5/5
  1873 | D:4      | Noticed Grinder
  1886 | D:4      | Killed from afar by Grinder

Illustrated notes

Levels and vault maps discovered:
D:1:      lightli_arrival_chessboard, layout_basic, serial_rivers,
          chequers_serial_rivers_micro_b, chequers_serial_rivers_micro_c,
          chequers_serial_rivers_micro_d, chequers_serial_rivers_room_a,
          chequers_serial_rivers_marsh
D:2:      layout_basic, serial_shops, shop, serial_bayou_pond_b, minivault_25,
          hex_tiny, wad_orctagon, uniq_sigmund, uniq_terence,
          uniq_crazy_yiuf_cottage, uniq_robin
D:4:      layout_loops_ring, kennysheep_little_box, serial_aquarium,
          aquarium_bridge_square [aquarium_subvault_wall,
          aquarium_subvault_bridge, aquarium_subvault_bridge,
          aquarium_subvault_bridge], aquarium_bridge_square
          [aquarium_subvault_bridge, aquarium_subvault_window,
          aquarium_subvault_wall, aquarium_subvault_balcony], aquarium_window_1,
          aquarium_window_corridor_1, aquarium_window_1, aquarium_window_fake,
          aquarium_view_2f, aquarium_view_2e, uniq_pikel, uniq_grinder

Skill      XL: |  1  2  3 |
---------------+----------+-----
Long Blades    | 2 3 4 |  4.0
Fighting       | |  3.0
Armour         | |  1.7
Dodging        | |  0.8
Invocations    | |  2.4

Action                   |  1- 3 |  4- 6 || total
-------------------------+-------+-------++-------
Melee: Falchion          |   102 |     8 ||   110
       Kick              |    14 |     3 ||    17
Invok: Depart the Abyss  |     1 |       ||     1
  Use: Potion            |     3 |       ||     3
Armor: Leather armour    |    24 |     2 ||    26
Dodge: Dodged            |    55 |       ||    55
       Rpst.: Falchion   |    15 |       ||    15

Table legend: (Time is in decaauts)
 A = Elapsed time spent in this place.
 B = Non-inter-level travel time spent in this place.
 C = Inter-level travel time spent in this place.
 D = Time resting spent in this place.
 E = Time spent auto-exploring this place.
 F = Levels seen in this place.
 G = Mean time per level.
                   A        B        C        D        E       F      G
               +--------+--------+--------+--------+--------+-----+--------+
         Total |   1912 |   1883 |     29 |    267 |   1362 |   6 |  318.7 |
       Dungeon |   1887 |   1858 |     29 |    267 |   1357 |   3 |  629.0 |
         Abyss |     25 |     25 |      0 |      0 |      5 |   3 |    8.3 |
               +--------+--------+--------+--------+--------+-----+--------+

Top non-repeatable levels by time:
     D:1: 1299 daAuts
     D:4: 385 daAuts
     D:2: 202 daAuts
 Abyss:1: 13 daAuts
 Abyss:2: 11 daAuts
 Abyss:3: 0 daAuts
